 Seeded DCSS version 0.27.0-1-g7a08968 (webtiles) character file.

Game seed: 17848141825139092340 (custom seed)

1389 NeededCrab the Ruffian (level 8, -1/74 HPs)
             Began as a Troll Fighter on Oct 22, 2021.
             Was an Elder of Okawaru.
             Slain by an ogre (19 damage)
             ... on level 5 of the Dungeon.
             The game lasted 00:10:34 (4455 turns).

NeededCrab the Ruffian (Troll Fighter)              Turns: 4455, Time: 00:10:34

Health: -1/74      AC:  4    Str: 25    XL:     8   Next: 40%
Magic:  7/7        EV:  9    Int:  6    God:    Okawaru [****..]
Gold:   208        SH: 10    Dex:  9    Spells: 7/7 levels left

rFire    . . .     SeeInvis .     - Unarmed
rCold    . . .     Faith    +   b - +0 kite shield
rNeg     . . .     Spirit   .   a - +0 robe
rPois    .         Reflect  .   (helmet restricted)
rElec    .         Harm     .   (no cloak)
rCorr    .         Rampage  .   (gloves unavailable)
Will     .....                  (boots unavailable)
Stlth    +.........             d - amulet of faith
HPRegen  1.22/turn              (no ring)
MPRegen  0.10/turn              (no ring)

@: no status effects
A: large, unfitting armour, claws 3, regeneration 1, shaggy fur 1, tough skin 1
a: Renounce Religion, Heroism


You were on level 5 of the Dungeon.
You worshipped Okawaru.
Okawaru was greatly pleased with you.
You visited 1 branch of the dungeon, and saw 5 of its levels.
You also visited: Sewer.

You collected 208 gold pieces.

Inventory:

Armour
 a - a +0 robe (worn)
 b - a +0 kite shield (worn)
Jewellery
 d - an amulet of faith (around neck)
 l - an amulet of reflection
Wands
 p - a wand of acid (4)
 w - a wand of flame (14)
Scrolls
 g - a scroll of immolation {unknown}
 j - 4 scrolls of teleportation {unknown}
 k - a scroll of blinking {unknown}
 n - a scroll of amnesia {unknown}
 o - 2 scrolls of fog {unknown}
 q - 2 scrolls of identify {unknown}
 t - a scroll of magic mapping {unknown}
 u - 2 scrolls of enchant weapon {unknown}
 x - a scroll of acquirement {unknown}
 y - a scroll of vulnerability {unknown}
Potions
 c - a potion of might
 e - a potion of degeneration {unknown}
 f - 2 potions of berserk rage {unknown}
 h - 2 potions of lignification {unknown}
 i - a potion of attraction {unknown}
 m - a potion of heal wounds {unknown}
 r - 2 potions of cancellation {unknown}
 s - a potion of resistance {unknown}
 v - a potion of brilliance {unknown}
 z - a potion of mutation {unknown}


   Skills:
 - Level 2.4 Fighting
 + Level 3.0 Throwing
 - Level 2.0 Armour
 - Level 2.4 Dodging
 * Level 6.0 Shields
 * Level 6.8 Unarmed Combat


You had 7 spell levels left.
You didn't know any spells.
Your spell library contained the following spells:

 Spells                   Type           Power      Damage    Failure   Level
 Ignite Poison            Fire/Tmut/Pois 0%         N/A       95%         3
 Mephitic Cloud           Conj/Pois/Air  0%         N/A       95%         3
 Bolt of Magma            Conj/Fire/Erth 0%         4d4       100%        5


Dungeon Overview and Level Annotations

Branches:
Dungeon (5/15)             Temple (0/1) D:4           Sewer (visited)

Altars:
Elyvilon
Okawaru
Qazlal

Shops:
D:4 :


Innate Abilities, Weirdness & Mutations

You are too large for most types of armour.
You have claws for hands.
Your natural rate of healing is unusually fast.
You are covered in fur. (AC +1)
You have tough skin. (AC +1)


Message History

You barely miss the hound. The hound bites you.
You closely miss the hound. The hound bites you.
The hound bites you but does no damage.
You closely miss the hound. The hound bites you but does no damage.
You closely miss the hound. The hound closely misses you.
The hound barely misses you.
You claw the hound!
The hound is heavily wounded.
You block the hound's attack.
You barely miss the hound.
The hound is heavily wounded.
The hound barely misses you. The hound bites you but does no damage.
You claw the hound!
You kill the hound!
Okawaru accepts your kill.
Your Throwing skill increases to level 3!
No target in view!
No target in view!
You now have 208 gold pieces (gained 10).
You see here a hound corpse.
You see here a hound corpse.
An ogre comes into view. It is wielding a +0 giant club.
The ogre shouts!
You hear a shout!
The ogre moves out of view.
An ogre comes into view. It is wielding a +0 giant club.
The ogre hits you with a +0 giant club!!
You completely miss the ogre. The ogre hits you with a +0 giant club.
You scratch the ogre.
The ogre is moderately wounded.
You claw the ogre!
The ogre is heavily wounded.
The ogre hits you with a +0 giant club!!
You scratch the ogre.
The ogre is severely wounded.
The ogre hits you with a +0 giant club!
* * * LOW HITPOINT WARNING * * *
You barely miss the ogre.
The ogre is severely wounded.
The ogre hits you with a +0 giant club!!
You die...

♣♣ .♣♣♣ ..♣♣ ♣..♣ ♣O♣♣ ♣♣O♣♣
♣♣@♣ ♣..♣♣ ♣♣..♣♣♣ ♣♣...♣ ♣♣♣.♣
#################.#############
.......<.#.#.##............##.#
##.###.#.........[.......#.##.#
#.#.#.#.##...#...####.##..


You could see 2 ogres.

Vanquished Creatures
  Pikel (D:4)
  Sigmund (D:2)
  Edmund (D:4)
  Purgy (Sewer)
  An ogre (D:4)
  A centaur (D:4)
  A howler monkey (D:3)
  A hound (D:5)
  An orc priest (D:4)
  A bullfrog skeleton (D:5)
  Ijyb (D:4)
  Terence (D:3)
  Natasha (thrice) (D:2)
  2 orc wizards
  A hound skeleton (D:4)
  7 adders
  A worm (D:2)
  2 dart slugs
  10 orcs
  10 ball pythons
  6 endoplasms
  2 giant cockroaches
  4 goblins
  6 hobgoblins
  4 jackals (D:3)
  3 quokkas
  4 bats
  8 frilled lizards
  6 kobolds
  3 rats
94 creatures vanquished.

Notes
Turn   | Place    | Note
-------+----------+-------------------------------------------
     0 | D:1      | NeededCrab the Troll Fighter began the quest for the Orb.
     0 | D:1      | Reached XP level 1. HP: 22/22 MP: 0/0
   129 | D:1      | Reached XP level 2. HP: 29/29 MP: 1/1
  1707 | D:2      | Noticed Natasha
  1721 | D:2      | Killed Natasha
  1722 | D:2      | Reached XP level 3. HP: 22/36 MP: 2/2
  1844 | D:2      | Reached skill level 1 in Armour
  1904 | D:2      | Noticed Natasha
  1914 | D:2      | Killed Natasha
  1915 | D:2      | Reached XP level 4. HP: 38/44 MP: 3/3
  1947 | D:2      | Found a faded altar of an unknown god.
  1947 | D:2      | Noticed a great orb of eyes
  1950 | D:2      | Noticed a golden eye
  1950 | D:2      | Noticed a great orb of eyes
  1950 | D:2      | Noticed a golden eye
  1955 | D:2      | Became a worshipper of Warmaster Okawaru
  1955 | D:2      | Reached * piety under Okawaru
  2043 | D:2      | Noticed Natasha
  2057 | D:2      | Killed Natasha
  2099 | D:2      | Noticed Sigmund
  2105 | D:2      | Killed Sigmund
  2105 | D:2      | Reached ** piety under Okawaru
  2106 | D:2      | Reached XP level 5. HP: 50/50 MP: 1/4
  2106 | D:2      | Reached XP level 6. HP: 59/59 MP: 1/5
  2266 | D:3      | Noticed Terence
  2281 | D:3      | Killed Terence
  2631 | D:3      | Found a stormy altar of Qazlal.
  2912 | D:3      | Found a white marble altar of Elyvilon.
  3253 | D:4      | Found a glowing drain.
  3258 | Sewer    | Entered a sewer
  3367 | Sewer    | Noticed Purgy
  3386 | Sewer    | Killed Purgy
  3386 | Sewer    | Reached *** piety under Okawaru
  3387 | Sewer    | Reached skill level 1 in Throwing
  3387 | Sewer    | Reached skill level 5 in Unarmed Combat
  3387 | Sewer    | Reached XP level 7. HP: 58/66 MP: 3/6
  3493 | D:4      | Noticed Edmund
  3510 | D:4      | Killed Edmund
  3539 | D:4      | Found Sahekh's Book Shop.
  3552 | D:4      | Noticed Ijyb
  3558 | D:4      | Killed Ijyb
  3590 | D:4      | Found a staircase to the Ecumenical Temple.
  3601 | D:4      | Reached skill level 5 in Shields
  3983 | D:4      | Noticed Pikel
  4009 | D:4      | Killed Pikel
  4009 | D:4      | Reached **** piety under Okawaru
  4010 | D:4      | Reached XP level 8. HP: 57/74 MP: 4/7
  4334 | D:5      | Entered Level 5 of the Dungeon
  4455 | D:5      | Slain by an ogre

Illustrated notes

Levels and vault maps discovered:
D:1:      onia_arrival_handbag, layout_basic
D:2:      layout_basic, hellmonk_ecumenical_altar_watching_god, st_stairs_11,
          minmay_misc_feat_four_crosses, uniq_sigmund, uniq_natasha
D:3:      layout_basic, nicolae_qazlal_eye_of_the_storm, general_overflow_altar,
          minmay_increasing_density, uniq_terence
D:4:      layout_basic, minmay_temple_entry_slanted, serial_shops,
          shop_fountains, portal_sewer_entry_e, amcnicky_mini_corridor_feature,
          chequers_decorated_corner, hangedman_decor_slide_cut,
          chequers_serial_rivers_micro_b, kennysheep_generic_room_5, uniq_ijyb,
          uniq_pikel, uniq_edmund
D:5:      kb_forest_paths, layout_loops_ring, minmay_misc_feat_chi, uniq_grinder

Skill      XL: |  1  2  3  4  5  6  7  8 |
---------------+-------------------------+-----
Shields        | 3 4 5 6 |  6.0
Armour         | 1 2 |  2.0
Unarmed Combat | 3 4 5 6 |  6.8
Throwing       | 1 2 3 |  3.0
Fighting       | |  2.4
Dodging        | |  2.4

Action                   |  1- 3 |  4- 6 |  7- 9 || total
-------------------------+-------+-------+-------++-------
Melee: Unarmed           |    74 |   158 |    73 ||   305
Invok: Heroism           |       |     2 |     1 ||     3
Armor: Robe              |    23 |    35 |    11 ||    69
Dodge: Dodged            |    24 |    39 |    24 ||    87
Block: Kite shield       |    34 |    73 |    32 ||   139
